Map: Ice and Chrome LE

Players

Nice

  • Race: Protoss Protoss
  • Spawn Location: 7:00

Has - Winner!

  • Race: Protoss Protoss
  • Spawn Location: 1:00

Event: DreamHack SC2 Masters 2020 Summer TwHkMoJp

VOD

Have the link to the VOD?

Description

Time

  • Played on: June 28, 2020, 9:21 a.m.
  • Length: 9:46

All games in this series

Show
View Real Time Build Order
Export as new Build Order

Nice Protoss 

Build Orders:  

Get SALT Encoding   

  12  0:00  Probe  
  13  0:12  Probe  
  14  0:21  Pylon  
  14  0:25  Probe  
  15  0:35  Probe  
  15  0:39  Gateway  
  16  0:43  Probe  
  16  0:49  Assimilator  
  17  0:53  Assimilator, Probe  
  18  1:01  Probe  
  18  1:09  Probe  
  18  1:10  Gateway  
  20  1:19  Probe  
  21  1:26  Cybernetics Core  
  21  1:31  Probe  
  22  1:36  Pylon  
  22  1:44  Probe  
  23  1:52  Warp Gate  
  23  1:56  Probe  
  24  2:02  Adept x2  
  28  2:13  Pylon  
  28  2:17  Robotics Facility  
  28  2:37  Sentry  
  28  2:43  Nexus  
  30  2:51  Sentry  
  32  2:52  Probe  
  32  2:56  Warp Prism  
  35  3:15  Pylon, Probe  
  36  3:27  Probe  
  37  3:36  Immortal  
  42  3:50  Stalker  
  42  3:51  Stalker  
  40  4:00  Probe  
  40  4:02  Probe  
  40  4:12  Probe  
  41  4:24  Immortal  
  41  4:28  Probe  
  44  4:41  Probe  
  46  4:47  Stalker x2  
  46  4:51  Shield Battery  
  47  4:56  Observer  
  47  4:59  Probe  
  49  5:00  Probe  
  50  5:11  Adept x2  
  54  5:17  Probe x2  
  56  5:33  Adept x2  
  56  5:44  Probe x2  
  58  5:54  Stalker x2  
  58  5:55  Probe  
  62  5:59  Probe  
  62  6:09  Probe  
  60  6:11  Probe  
  62  6:20  Robotics Bay  
  62  6:24  Pylon  
  62  6:29  Pylon  
  62  6:32  Gateway  
  62  6:34  Probe x2  
  62  6:40  Gateway  
  62  6:42  Probe x2  
  64  6:50  Probe x2  
  64  6:52  Observer  
  67  7:02  Probe x2  
  67  7:06  Pylon  
  67  7:08  Forge  
  69  7:09  Shield Battery  
  69  7:11  Assimilator  
  69  7:14  Sentry, Stalker  
  69  7:15  Assimilator  
  74  7:26  Immortal  
  77  7:37  Pylon  
  77  7:46  Probe x2  
  77  7:49  Observer  
  77  7:50  Colossus  
  79  7:57  Nexus  
  79  7:58  Pylon  
  79  7:59  Probe x2  
  87  8:15  Probe  
  87  8:17  Probe  
  89  8:24  Pylon  
  88  8:27  Probe  
  88  8:29  Colossus  
  88  8:31  Robotics Facility  
  89  8:35  Observer  
  89  8:36  Probe  
  89  8:39  Probe  
  91  8:48  Probe  
  98  8:51  Gateway  
  98  8:52  Probe  
  98  8:54  Gateway  
  99  9:00  Probe  
  100  9:05  Probe  
  101  9:10  Probe  
  101  9:14  Shield Battery  
  102  9:23  Zealot  
  102  9:24  Zealot  
Show
View Real Time Build Order
Export as new Build Order

Has Protoss - Winner!

Build Orders: Nexus First, Oracle Opening, Phoenix Opening 

Get SALT Encoding   

  12  0:01  Probe  
  13  0:13  Probe  
  14  0:20  Pylon  
  14  0:25  Probe  
  15  0:34  Probe  
  16  0:42  Probe  
  18  0:58  Nexus  
  17  1:07  Gateway  
  17  1:10  Probe  
  18  1:16  Assimilator  
  18  1:23  Probe  
  18  1:24  Assimilator  
  19  1:35  Probe  
  19  1:38  Gateway  
  20  1:47  Probe  
  21  1:54  Cybernetics Core  
  21  1:59  Probe  
  22  2:03  Pylon  
  22  2:11  Probe x2  
  24  2:23  Probe  
  24  2:25  Stalker  
  26  2:30  Stargate  
  26  2:35  Probe  
  28  2:41  Warp Gate  
  29  2:47  Probe  
  29  2:49  Stalker  
  31  2:55  Probe  
  32  2:59  Shield Battery  
  32  3:01  Probe  
  32  3:03  Probe  
  33  3:05  Oracle  
  33  3:12  Probe  
  33  3:13  Probe  
  38  3:22  Probe  
  38  3:23  Shield Battery  
  38  3:25  Probe  
  40  3:29  Pylon  
  40  3:35  Probe  
  40  3:36  Shield Battery  
  40  3:37  Probe  
  42  3:42  Robotics Facility  
  42  3:45  Shield Battery  
  42  3:48  Probe  
  42  3:51  Probe  
  42  3:54  Phoenix  
  44  4:00  Probe  
  47  4:03  Probe  
  47  4:06  Shield Battery  
  47  4:08  Pylon  
  47  4:09  Shield Battery  
  48  4:12  Probe  
  48  4:15  Probe  
  49  4:24  Probe  
  49  4:26  Probe  
  49  4:29  Stalker  
  49  4:30  Stalker  
  54  4:32  Probe  
  54  4:34  Probe  
  53  4:40  Probe  
  53  4:42  Probe  
  54  4:46  Immortal  
  59  4:53  Gateway  
  59  4:58  Assimilator  
  59  4:59  Pylon  
  58  5:04  Sentry  
  60  5:08  Shield Battery  
  60  5:09  Shield Battery  
  60  5:12  Shield Battery  
  60  5:14  Stalker  
  62  5:22  Gateway, Warp Prism  
  62  5:28  Gateway  
  62  5:29  Sentry  
  66  5:37  Pylon  
  66  5:40  Probe  
  66  5:41  Sentry  
  65  5:48  Shield Battery  
  65  5:51  Gateway  
  65  5:52  Sentry  
  67  6:04  Probe  
  68  6:07  Probe  
  68  6:10  Oracle  
  67  6:13  Assimilator  
  67  6:15  Immortal  
  68  6:18  Adept x2  
  68  6:23  Pylon  
  68  6:24  Pylon  
  75  6:34  Probe x2  
  77  6:48  Probe  
  77  6:52  Forge  
  77  6:54  Probe  
  79  6:56  Twilight Council  
  79  7:00  Probe  
  80  7:06  Observer  
  80  7:07  Stargate  
  80  7:09  Protoss Ground Weapons Level 1, Pylon  
  80  7:11  Nexus  
  80  7:12  Pylon  
  81  7:19  Probe x2  
  83  7:26  Pylon  
  83  7:31  Probe x2  
  83  7:32  Charge  
  83  7:35  Shield Battery  
  85  7:37  Shield Battery  
  85  7:41  Immortal  
  85  7:43  Probe  
  85  7:44  Probe  
  87  7:50  Phoenix  
  89  7:55  Probe  
  89  7:56  Templar Archives, Probe  
  95  8:07  Probe  
  95  8:09  Photon Cannon  
  96  8:15  Phoenix  
  96  8:19  Probe  
  99  8:21  Observer  
  99  8:25  Photon Cannon  
  100  8:27  Photon Cannon  
  100  8:32  Photon Cannon  
  100  8:35  High Templar  
  100  8:36  High Templar, Zealot x2  
  100  8:39  Gateway  
  108  8:41  Archon  
  108  8:43  Gateway  
  108  8:44  Phoenix  
  110  8:53  Pylon  
  110  8:56  Gateway  
  110  8:58  Probe x2  
  110  9:01  Assimilator  
  110  9:02  Probe  
  113  9:05  Zealot x2  
  113  9:06  Assimilator  
  113  9:08  Zealot x2  
  121  9:29  Zealot  
  121  9:30  Zealot x3  
  121  9:31  Probe x2  
Tags
 
Add a new tag
Caveats
  • Supply blocks, unpowered buildings, or Contaminate may cause inaccurate times.
  • Supply counts are checked every 10 seconds.